 Dungeon Crawl Stone Soup version 0.30.0-29-ga12c61a403 (webtiles) character file.

Game seed: 13145276617835770661

28 tizbic2 the Insei (level 2, 0/23 HPs)
             Began as a Demigod Transmuter on May 30, 2023.
             Slain by a kobold
             ... wielding a +0 whip of electrocution
              (3 damage)
             ... on level 2 of the Dungeon on June 10, 2023.
             The game lasted 00:03:37 (847 turns).

tizbic2 the Insei (Demigod Transmuter)               Turns: 847, Time: 00:03:38

Health: 0/23       AC:  5    Str: 11    XL:     2   Next: 78%
Magic:  7/7        EV: 10    Int: 15    God:
Gold:   83         SH:  0    Dex: 14    Spells: 3/4 levels left

rFire   . . .        i - +0 hand axe
rCold   . . .        (no shield)
rNeg    . . .        j - +0 ring mail
rPois   .            (no helmet)
rElec   .            (no cloak)
rCorr   .            (no gloves)
SInv    .            (no boots)
Will    .....        (no amulet)
Stlth   +            (no ring)
HPRegen 0.23/turn    (no ring)
MPRegen 0.10/turn

%: no passive effects
@: no status effects
A: high MP 1, forlorn, divine attributes
a: no special abilities


You were on level 2 of the Dungeon.
You visited 1 branch of the dungeon, and saw 2 of its levels.

You collected 83 gold pieces.

Inventory:

Hand Weapons
 i - a +0 hand axe (weapon)
Armour
 j - a +0 ring mail (worn)
Scrolls
 a - a scroll of noise {unknown}
 c - a scroll of identify
 d - a scroll of magic mapping {unknown}
 e - a scroll of enchant weapon
 g - 2 scrolls of poison {unknown}
Potions
 b - a potion of lignification
 f - a potion of heal wounds {unknown}
 h - a potion of might {unknown}
 k - a potion of mutation {unknown}
 l - a potion of brilliance {unknown}


   Skills:
 + Level 1.1 Fighting
 * Level 0.0 Axes
 * Level 2.2 Dodging
 + Level 3.1 Unarmed Combat
 + Level 1.9 Spellcasting
 + Level 2.0 Transmutations


You had 3 spell levels left.
You knew the following spells:

 Your Spells              Type           Power      Damage    Failure   Level
a - Beastly Appendage     Tmut           14%        N/A       24%         1

Your spell library contained the following spells:

 Spells                   Type           Power      Damage    Failure   Level
 Wereblood                Tmut           7%         N/A       34%         2
 Magic Dart               Conj           4%         1d3       50%         1
 Searing Ray              Conj           2%         2d4       63%         2
 Spider Form              Tmut/Pois      4%         N/A       71%         3
 Ice Form                 Ice/Tmut       4%         N/A       98%         4
 Fulminant Prism          Conj/Hex       0%         3d5       99%         4


Dungeon Overview and Level Annotations

Branches:
Dungeon (2/15)


Innate Abilities, Weirdness & Mutations

You have an increased reservoir of magic. (+10% MP)
You shall have no god before yourself.
Your divine heritage dramatically boosts your attributes as you level up.


Message History

You drop a +0 robe.
Found a scroll labelled PARIVA KOSUI.
a - a scroll labelled PARIVA KOSUI
Found a fuming cyan potion.
k - a fuming cyan potion
Found 8 gold pieces.
Found a fuming orange potion.
You now have 83 gold pieces (gained 8).
l - a fuming orange potion Your movement speed is average.
Your attack delay is about 1.3.
Your damage rating with your +0 hand axe is about 7 (Base 7 x 102% (Str) x 101% (Skill)).
You are now empty-handed.
Your movement speed is average.
Your attack delay is about 0.9.
Your damage rating with unarmed combat is about 6 (Base [3 + 3 (UC)] x 102% (Str) x 101% (Fight)).
i - a +0 hand axe (weapon)
There is an open door here.
There is an open door here.
You see here 2 stones.
There is an open door here.
There is an open door here.
You see here a +0 robe.
Done exploring.
There is a stone staircase leading down here.
You climb downwards.
There is a stone staircase leading up here.
The kobold hits you with a +0 short sword.
You hit the kobold.
You kill the kobold!
A kobold comes into view.
It is wielding a +0 whip of electrocution.
Found a scroll labelled LUMATHR VOCIVY.
Found a stone staircase leading down.
The kobold shouts!
You see here a +0 short sword.
You barely miss the kobold.
The kobold hits you with a +0 whip of electrocution.
You are electrocuted!!
Ouch! That really hurt!
* * * LOW HITPOINT WARNING * * *
You closely miss the kobold.
The kobold hits you with a +0 whip of electrocution.
You die...

#.#.# #.#.###
#.....####
#........
#<...#
#....####
#....)..# #..
#.......#.....
#....#@.......
#....#K.###...
#.....#?## #
#.....#.#
#........
#.....#>. #.#
#..


You could see a kobold.

Vanquished Creatures
  3 dart slugs (D:1)
  3 ball pythons (D:1)
  An endoplasm (D:1)
  2 goblins (D:1)
  6 jackals (D:1)
  A kobold (D:2)
  A bat (D:1)
  A frilled lizard (D:1)
  2 rats (D:1)
20 creatures vanquished.

Notes
Turn   | Place    | Note
-------+----------+-------------------------------------------
     0 | D:1      | tizbic2 the Demigod Transmuter began the quest for the Orb.
     0 | D:1      | Reached XP level 1. HP: 15/15 MP: 5/5
   100 | D:1      | Reached skill level 1 in Fighting
   133 | D:1      | Reached XP level 2. HP: 11/23 MP: 5/7
   272 | D:1      | Reached skill level 3 in Unarmed Combat
   490 | D:1      | Upgraded the game from 0.30.0-19-g36f170ea60 to
                  | 0.30.0-29-ga12c61a403
   847 | D:2      | Slain by a kobold

Illustrated notes

Levels and vault maps discovered:
D:1:      dpeg_arrival_rooms_c, layout_loops_ring, kennysheep_nondescript,
          grunt_decor_clamped, chequers_avenue, st_stairs_9,
          minmay_misc_feat_four_crosses
D:2:      layout_rooms, basic_altar, dreamdust_princess_corridor,
          grunt_ministairs_1, chequers_serial_rivers_micro_a, nrook_mini_vaults

Skill      XL: |  1  2 |
---------------+-------+-----
Fighting       | 1 |  1.1
Dodging        | 2 |  2.2
Unarmed Combat | 3 |  3.1
Transmutations | 2 |  2.0
Spellcasting   | |  1.9

Action                     || total
---------------------------++-------
  Melee: Unarmed           ||    53
         Kick              ||    12
         Headbutt          ||     5
         Hand axe          ||     3
   Cast: Beastly Appendage ||     8
    Use: Scroll            ||     2
 Armour: Robe              ||     7
  Dodge: Dodged            ||    39
